 Dungeon Crawl Stone Soup version 0.28-a0-1510-gd0f6b136d3 (webtiles) character file.

Game seed: 17859147005894874662

37582 tatocazan the Severer (level 13, -14/125 HPs)
             Began as a Minotaur Fighter on Jan 15, 2022.
             Was an Initiate of Gozag.
             Killed from afar by an ironbound frostheart (48 damage)
             ... by creeping frost
             ... in an ice cave.
             The game lasted 00:20:02 (24363 turns).

tatocazan the Severer (Minotaur Fighter)           Turns: 24363, Time: 00:20:03

Health: -14/125    AC: 23    Str: 26    XL:     13   Next: 59%
Magic:  12/12      EV:  8    Int:  5    God:    Gozag
Gold:   2859       SH:  0    Dex: 10    Spells: 12/12 levels left

rFire   . . .      SeeInvis .   L - +0 battleaxe (flame)
rCold   . . .      Faith    .   (shield currently unavailable)
rNeg    . . .      Spirit   .   O - +0 plate armour
rPois   .          Reflect  .   (helmet restricted)
rElec   .          Harm     .   J - +0 cloak
rCorr   .          Rampage  .   f - +2 pair of gloves
Will    .....                   N - +0 pair of boots
Stlth   ..........              (no amulet)
HPRegen 0.30/turn               (no ring)
MPRegen 0.13/turn               (no ring)

@: frozen, gold aura, very slow
A: horns 2, retaliatory headbutt
a: Renounce Religion, Potion Petition, Call Merchant, Bribe Branch


You were in an ice cave.
You worshipped Gozag.
Gozag was most pleased with you.
You visited 3 branches of the dungeon, and saw 17 of its levels.
You also visited: Bailey and Ice Cave.

You collected 4498 gold pieces.
You paid 1639 gold pieces to Gozag.

Inventory:

Hand Weapons
 a - a +0 war axe
 d - a +8 hand axe of freezing
 t - the +9 spear of the Trees {venom, rC- rN+++ rCorr Int-2}
   (You found it on level 4 of the Dungeon)

   It poisons the flesh of those it strikes.
   Int:       It affects your intelligence (-2).
   rC:        It makes you vulnerable to cold.
   rN:        It renders you almost immune to negative energy.
   rCorr:     It protects you from acid and corrosion.
 L - a +0 battleaxe of flaming (weapon)
Missiles
 s - 3 throwing nets (quivered)
Armour
 c - a +1 buckler
 f - a +2 pair of gloves (worn)
 k - a +0 chain mail
 J - a +0 cloak (worn)
 N - a +0 pair of boots (worn)
 O - a +0 plate armour (worn)
 Q - a +2 kite shield of cold resistance
Jewellery
 j - an amulet of the acrobat
 m - a +6 ring of intelligence
 E - a ring of see invisible
 F - a ring of flight
 M - a +4 ring of evasion
Wands
 b - a wand of digging (7)
 o - a wand of polymorph (12)
 q - a wand of flame (15)
 u - a wand of acid (9)
 C - a wand of mindburst (10)
 G - a wand of iceblast (14)
 I - a wand of paralysis (5)
Scrolls
 g - 2 scrolls of blinking
 l - 4 scrolls of teleportation
 n - a scroll of summoning
 v - a scroll of silence
 y - 3 scrolls of fear
 A - 5 scrolls of noise
 B - a scroll of enchant armour
 D - 3 scrolls of identify
 P - a scroll of fog
Potions
 e - 2 potions of degeneration
 h - a potion of ambrosia {unknown}
 i - 4 potions of lignification
 p - 3 potions of attraction
 r - a potion of haste
 w - a potion of resistance {unknown}
 x - 2 potions of heal wounds {unknown}
 z - 3 potions of curing
 H - 3 potions of brilliance {unknown}
 K - a potion of berserk rage {unknown}


   Skills:
 + Level 14.5 Fighting
 * Level 17.3 Axes
 + Level 14.6 Armour
 - Level 10.6 Shields


You had 12 spell levels left.
You didn't know any spells.
Your spell library contained the following spells:

 Spells                   Type           Power      Damage    Failure   Level
 Foxfire                  Conj/Fire      0%         2x1d4     98%         1
 Summon Small Mammal      Summ           0%         N/A       98%         1
 Corpse Rot               Necr/Air       0%         N/A       99%         2
 Poisonous Vapours        Pois/Air       0%         N/A       99%         2
 Call Canine Familiar     Summ           0%         N/A       100%        3
 Conjure Flame            Conj/Fire      0%         6-21      100%        3
 Dazzling Flash           Conj/Hex       0%         N/A       100%        3
 Inner Flame              Hex/Fire       0%         N/A       100%        3
 Stone Arrow              Conj/Erth      0%         3d7       100%        3
 Summon Guardian Golem    Hex/Summ       0%         N/A       100%        3
 Animate Armour           Summ/Erth      0%         N/A       100%        4
 Flame Wave               Conj/Fire      0%         2d4       100%        4
 Summon Lightning Spire   Summ/Air       0%         N/A       100%        4
 Agony                    Necr           0%         N/A       100%        5
 Silence                  Hex/Air        0%         N/A       100%        5
 Storm Form               Tmut/Air       0%         N/A       100%        7
 Lehudib's Crystal Spear  Conj/Erth      0%         10d2      100%        8
 Maxwell's Capacitive Co  Air            0%         ∞         100%        8


Dungeon Overview and Level Annotations

Branches:
Dungeon (12/15)            Temple (0/1) D:4            Lair (3/6) D:8
 Spider (0/4) Lair:3          Orc (2/2) D:12            Elf (0/3) Orc:2
 Bailey (visited)           IceCv (1/1)
  Swamp: Lair:2-4    Shoals: Lair:2-4

Altars:
Fedhas
Gozag
Okawaru
Wu Jian
Yredelemnul
The Shining One
Beogh

Shops:
D:3 *   D:7 *   Orc:1 (   Orc:2 !

Annotations:
Orc:2 Rupert


Innate Abilities, Weirdness & Mutations

You have a pair of horns on your head.
You reflexively headbutt those who attack you in melee.


Message History

You are too injured to fight recklessly!
You are too injured to fight recklessly!
You are too injured to fight recklessly!
You are too injured to fight recklessly!
You are too injured to fight recklessly!
You are too injured to fight recklessly!
You are too injured to fight recklessly!
You are too injured to fight recklessly!
You are too injured to fight recklessly!
You are too injured to fight recklessly!
You are too injured to fight recklessly!
You are too injured to fight recklessly!
You are too injured to fight recklessly!
You are too injured to fight recklessly!
You are too injured to fight recklessly!
The rime drake is distracted by your dazzling golden aura.
You barely miss the yak.
The rime drake hisses angrily.
You headbutt the yak!
The yak is severely wounded.
The ice encasing you melts away.
The rime drake is no longer distracted by gold.
The yak barely misses you.
You slash the yak! You burn the yak. You headbutt the yak.
You kill the yak!
You hit the yak but do no damage.
The ironbound frostheart calls freezing cold from the walls.
The frost grips you!!
* * * LOW HITPOINT WARNING * * *
You are encased in ice.
The yak gores you but does no damage.
You take 26 damage, and have 33/125 hp.
MASSIVE DAMAGE!!
You slice the yak!! You burn the yak!
You kill the yak!
The rime drake is distracted by your dazzling golden aura.
The ironbound frostheart is distracted by your dazzling golden aura.
The ironbound frostheart calls freezing cold from the walls.
The frost grips you!!!
You die...
Your body crumbles into a pile of gold.

### ..# ##########
..#########...##@h$#
....#..#...##...##hhp#
##....#..########
#phk.# ≈≈.#####..#
#k.... ≈#≈..##..##
#h... ≈≈##...### ..##
#..##### ## ≈≈≈≈≈≈
≈≈≈≈≈≈≈


You could see 2 ironbound frosthearts, 4 polar bears, 2 rime drakes and a wolf.

Vanquished Creatures
  Snorg (D:12)
  2 vault guards (Bailey)
  Fannar (Lair:2)
  Harold (D:12)
  2 hydras
  A boulder beetle (D:12)
  Erica (D:10)
  7 death yaks
  Urug (Orc:1)
  Nergalle (D:10)
  2 orc knights (Orc:2)
  A deep elf pyromancer (D:12)
  A cyclops (D:10)
  An ugly thing (D:12)
  An orc sorcerer (Orc:2)
  An ice statue (IceCv)
  2 cane toads
  2 gargoyles
  A komodo dragon (Lair:1)
  3 rime drakes
  3 polar bears (IceCv)
  A freezing wraith (D:12)
  2 trolls (D:10)
  A hornet (D:10)
  6 blink frogs (Lair:1)
  Prince Ribbit (Bailey)
  4 slime creatures (D:12)
  A jumping spider (Lair:3)
  A vampire (D:10)
  45 yaks
  4 wraiths
  4 wyverns
  A basilisk (Lair:1)
  3 humans (Bailey)
  A steam dragon (D:8)
  2 wargs
  An acid dragon (D:11)
  5 water moccasins
  17 orc warriors
  A black bear (Lair:1)
  An ice beast (D:6)
  7 ogres
  13 wolves
  2 centaurs
  2 kobold brigands
  20 bullfrogs
  7 scorpions
  A wyvern skeleton (D:7)
  15 killer bees
  10 wights
  6 howler monkeys
  3 centaur zombies
  2 hounds
  2 gnoll shamans (D:8)
  A bullfrog skeleton (D:7)
  22 orc priests
  A centaur skeleton (D:5)
  3 jellies
  24 orc wizards
  A hound zombie (D:5)
  Robin (D:2)
  7 adders
  15 gnolls
  2 shadow imps (D:6)
  A white imp (D:6)
  An ufetubus (D:5)
  6 dart slugs
  56 orcs
  6 bats
  4 endoplasms
  3 giant cockroaches
  7 hobgoblins
  4 jackals (D:2)
  3 quokkas
  3 ball pythons
  3 frilled lizards
  16 goblins
  14 kobolds
  7 rats
439 creatures vanquished.

Vanquished Creatures (others)
  4 fungi
  6 plants
10 creatures vanquished.

Grand Total: 449 creatures vanquished

Notes
Turn   | Place    | Note
-------+----------+-------------------------------------------
     0 | D:1      | tatocazan the Minotaur Fighter began the quest for the Orb.
     0 | D:1      | Reached XP level 1. HP: 19/19 MP: 0/0
   243 | D:1      | Reached XP level 2. HP: 27/27 MP: 1/1
   491 | D:1      | Reached XP level 3. HP: 29/33 MP: 2/2
   889 | D:2      | Reached skill level 3 in Axes
  1010 | D:2      | Noticed Robin
  1023 | D:2      | Killed Robin
  1024 | D:2      | Reached XP level 4. HP: 8/41 MP: 3/3
  1279 | D:2      | Found a blossoming altar of Fedhas.
  1678 | D:2      | Found a faded altar of an unknown god.
  1742 | D:2      | Reached XP level 5. HP: 44/47 MP: 4/4
  1933 | D:3      | Noticed a centaur
  1940 | D:3      | Killed a centaur
  1941 | D:3      | Reached skill level 5 in Fighting
  1941 | D:3      | Reached skill level 4 in Axes
  1941 | D:3      | Reached skill level 5 in Shields
  2032 | D:3      | Reached skill level 5 in Armour
  2195 | D:3      | Found Ivvumynigi's General Store.
  2257 | D:3      | Reached XP level 6. HP: 56/56 MP: 5/5
  3174 | D:4      | Found an opulent altar of Gozag.
  3254 | D:4      | Became a worshipper of Gozag Ym Sagoz the Greedy
  3293 | D:4      | Identified the +9 spear of the Trees {venom, rC- rN+++
                  | rCorr Int-2}
  3544 | D:4      | Found a staircase to the Ecumenical Temple.
  3889 | D:5      | Entered Level 5 of the Dungeon
  4238 | D:5      | Reached skill level 5 in Axes
  4238 | D:5      | Reached XP level 7. HP: 40/62 MP: 6/6
  5667 | D:6      | Found a glowing golden altar of the Shining One.
  5699 | D:6      | Found a basalt altar of Yredelemnul.
  5705 | D:6      | Reached skill level 6 in Axes
  5707 | D:6      | Reached XP level 8. HP: 68/71 MP: 7/7
  6344 | D:6      | Identified the +1 whip of Dumyfoq {vorpal, *Slow Str-5
                  | Dex+10 SInv}
  6800 | D:6      | Reached skill level 7 in Axes
  7160 | D:7      | Found Gudodeupe's Assorted Antiques.
  7198 | D:7      | Found a blossoming altar of Fedhas.
  7357 | D:7      | Reached XP level 9. HP: 81/81 MP: 8/8
  7578 | D:7      | Found a flagged portal.
  7585 | Bailey   | Entered a bailey
  7607 | Bailey   | Reached skill level 8 in Axes
  8155 | Bailey   | Noticed Prince Ribbit
  8155 | Bailey   | Noticed a vault guard
  8175 | Bailey   | Killed a vault guard
  8176 | Bailey   | Reached skill level 9 in Axes
  8176 | Bailey   | Reached XP level 10. HP: 67/91 MP: 9/9
  8179 | Bailey   | Killed Prince Ribbit
  8343 | Bailey   | Noticed a vault guard
  8373 | Bailey   | Killed a vault guard
  9603 | D:8      | Found a staircase to the Lair.
  9620 | D:8      | Reached skill level 10 in Armour
  9651 | D:8      | Reached skill level 10 in Fighting
  9651 | D:8      | Reached skill level 10 in Shields
  9872 | D:8      | You fall into a shaft and drop 2 floors!
  9872 | D:10     | Entered Level 10 of the Dungeon
  9901 | D:10     | Noticed Erica
  9910 | D:10     | Killed Erica
  9911 | D:10     | Reached skill level 10 in Axes
 10774 | D:10     | Reached XP level 11. HP: 100/101 MP: 10/10
 10804 | D:10     | Noticed Nergalle
 10818 | D:10     | Killed Nergalle
 10999 | D:10     | Reached skill level 11 in Axes
 13104 | D:10     | Reached skill level 12 in Axes
 13986 | D:11     | Found an ornate altar of the Wu Jian Council.
 14106 | D:12     | Noticed Snorg
 14116 | D:12     | Killed Snorg
 14195 | D:12     | Noticed a deep elf pyromancer
 14203 | D:12     | Killed a deep elf pyromancer
 14413 | D:12     | Noticed a boulder beetle
 14436 | D:12     | Killed a boulder beetle
 14800 | D:12     | Noticed a green ugly thing
 14813 | D:12     | Killed a green ugly thing
 14850 | D:12     | Reached skill level 13 in Axes
 15519 | D:12     | Found a staircase to the Orcish Mines.
 15541 | D:12     | Noticed a seven-headed hydra
 15547 | D:12     | Killed a seven-headed hydra
 15944 | D:12     | Reached XP level 12. HP: 48/113 MP: 11/11
 16490 | D:9      | Found an ornate altar of the Wu Jian Council.
 18050 | Orc:1    | Entered Level 1 of the Orcish Mines
 18050 | Orc:1    | Noticed Harold
 18060 | D:12     | Killed Harold
 18061 | D:12     | Reached skill level 14 in Axes
 18115 | Orc:1    | Noticed Urug
 18148 | Orc:1    | Killed Urug
 19267 | Orc:1    | Found Yppiogih's Weapon Emporium.
 19446 | Orc:2    | Entered Level 2 of the Orcish Mines
 19567 | Orc:2    | HP: 4/115 [orc warrior[an orc knight] (11)]
 20001 | Orc:2    | Found a staircase to the Elven Halls.
 20129 | Orc:2    | Reached skill level 15 in Axes
 20131 | Orc:2    | Found Kogu's Distillery.
 20159 | Orc:2    | Noticed Rupert
 20180 | Orc:2    | Gained mutation: Your muscles are strong. (Str +2) [potion
                  | of mutation]
 20180 | Orc:2    | Lost mutation: Your muscles are strong. (Str +2) [potion of
                  | mutation]
 20817 | Lair:1   | Entered Level 1 of the Lair of Beasts
 21812 | Lair:2   | Found an iron altar of Okawaru.
 21856 | Lair:2   | Noticed a four-headed hydra
 21861 | Lair:2   | Killed a two-headed hydra
 21998 | Lair:2   | Noticed Fannar
 22013 | Lair:2   | Killed Fannar
 22228 | Lair:2   | Noticed a death yak
 22229 | Lair:2   | Noticed a death yak
 22229 | Lair:2   | Noticed a death yak
 22230 | Lair:2   | Noticed a death yak
 22230 | Lair:2   | Noticed a death yak
 22238 | Lair:2   | Killed a death yak
 22239 | Lair:2   | Reached XP level 13. HP: 71/123 MP: 12/12
 22253 | Lair:1   | Reached skill level 16 in Axes
 23651 | Lair:3   | Found a hole to the Spider Nest.
 23699 | Lair:3   | Found a frozen archway.
 23711 | IceCv    | Entered an ice cave
 23940 | IceCv    | Reached skill level 17 in Axes
 24363 | IceCv    | Killed from afar by an ironbound frostheart

Illustrated notes

Levels and vault maps discovered:
D:1:      dpeg_arrival_round_a, layout_loops_ring, minmay_tromino_mix6
D:2:      layout_basic, basic_ecumenical_altar, basic_altar,
          grunt_ministairs_15, nicolae_elevator_lobby_plus, uniq_robin
D:3:      layout_basic, serial_shops, nicolae_diamond_shop
D:4:      layout_cave_pods, nicolae_gozag_seed_capital,
          minmay_temple_entry_gardened_gates
D:5:      layout_layer_cave, hangedman_decor_push, minmay_misc_feat_rugged
D:6:      layout_basic, lemuel_round_altar, kennysheep_mini,
          serial_bayou_pond_a, minmay_misc_feat_columns, corner_web_ring
D:7:      layout_basic, mainiacjoe_overflow_24_doors, serial_shops,
          nicolae_diamond_shop, enter_bailey_2, hex_intersection
D:8:      layout_gridville, lair_entry_dummy
D:9:      layout_irregular_city, mainiacjoe_overflow_surrounded_room
D:10:     layout_gridville, uniq_erica, uniq_nergalle
D:11:     layout_cave_pools, nicolae_wu_jian_glorious_leap
D:12:     layout_basic, orc_0_dummy, gammafunk_ghost_spectres, uniq_snorg
Lair:1:   layout_roguey, gauntlet_entry_generic
Lair:2:   layout_roguey, basic_altar, uniq_fannar
Lair:3:   layout_hall_layers, nicolae_spider_entry_tight_spaces,
          portal_ice_cave_rime
Orc:1:    layout_caves, serial_shops, shop_fountains, uniq_urug, uniq_harold
Orc:2:    grunt_orc_community_town_hall, layout_caves,
          grunt_orc_community_big_house_2, grunt_orc_community_big_house_1,
          grunt_orc_community_house_2, grunt_orc_community_house_1,
          grunt_orc_community_house_3, grunt_orc_community_house_2, uniq_rupert
IceCv:    ice_cave_caverns_03

Skill      XL: |  1  2  3  4  5  6  7  8  9 10 11 12 13 |
---------------+----------------------------------------+-----
Fighting       | 4 5 6 7 9 10 12 13 14 | 14.5
Shields        | 4 5 6 7 9 10 | 10.6
Armour         | 4 5 6 7 9 10 12 13 14 | 14.6
Axes           | 3 4 5 6 7 9 10 13 15 17 | 17.3

Action                   |  1- 3 |  4- 6 |  7- 9 | 10-12 | 13-15 || total
-------------------------+-------+-------+-------+-------+-------++-------
Melee: War axe           |    71 |    68 |       |       |       ||   139
       Headbutt          |    10 |    14 |    28 |   143 |    23 ||   218
       Spear             |       |    29 |   204 |   507 |       ||   740
       Battleaxe         |       |       |       |   138 |   136 ||   274
       Hand axe          |       |       |       |    61 |       ||    61
Throw: Throwing net      |       |       |       |     2 |       ||     2
Invok: Potion Petition   |       |       |       |     3 |       ||     3
Evoke: Wand              |       |       |     4 |     7 |       ||    11
  Use: Scroll            |       |     6 |     7 |     4 |       ||    17
       Potion            |       |       |       |     7 |       ||     7
 Stab: Distracted        |       |       |     1 |     6 |     1 ||     8
Armor: Scale mail        |    57 |    40 |       |       |       ||    97
       Chain mail        |       |    19 |    70 |   220 |       ||   309
       Plate armour      |       |       |       |    79 |   110 ||   189
Dodge: Dodged            |    42 |    43 |    58 |   192 |    61 ||   396
Block: Buckler           |    15 |    31 |    52 |   134 |       ||   232

Table legend: (Time is in decaauts)
 A = Elapsed time spent in this place.
 B = Non-inter-level travel time spent in this place.
 C = Inter-level travel time spent in this place.
 D = Time resting spent in this place.
 E = Time spent auto-exploring this place.
 F = Levels seen in this place.
 G = Mean time per level.
                   A        B        C        D        E       F      G
               +--------+--------+--------+--------+--------+-----+--------+
         Total |  24272 |  23497 |    775 |   8076 |  12912 |  19 | 1277.5 |
       Dungeon |  17554 |  16833 |    721 |   5784 |   9385 |  12 | 1462.8 |
          Lair |   2881 |   2846 |     35 |    630 |   1925 |   3 |  960.3 |
  Orcish Mines |   1888 |   1870 |     18 |    792 |    786 |   2 |  944.0 |
        Bailey |   1300 |   1300 |      0 |    869 |    263 |   1 | 1300.0 |
      Ice Cave |    647 |    647 |      0 |      0 |    552 |   1 |  647.0 |
               +--------+--------+--------+--------+--------+-----+--------+

Top non-repeatable levels by time:
    D:10: 3692 daAuts
    D:12: 2875 daAuts
     D:5: 1597 daAuts
  Lair:1: 1525 daAuts
     D:6: 1433 daAuts
     D:7: 1375 daAuts
  Bailey: 1300 daAuts
   Orc:1: 1171 daAuts
     D:3: 1134 daAuts
     D:2: 1038 daAuts
     D:9: 1033 daAuts
     D:8: 917 daAuts
     D:1: 893 daAuts
     D:4: 872 daAuts
  Lair:2: 840 daAuts
